Map: Turbo Cruise '84 LE

Players

hehehe - Winner!

  • Race: Terran Terran
  • Spawn Location: 7:00

Takker

  • Race: Protoss Protoss
  • League: Silver
  • Spawn Location: 3:00

VOD

Have the link to the VOD?

Description

Time

  • Played on: May 27, 2019, 2:34 p.m.
  • Length: 7:28
Show
View Real Time Build Order
Export as new Build Order

hehehe Terran - Winner!

Build Orders: Command Center First (CC) 

Get SALT Encoding   

  12  0:09  SCV  
  13  0:21  SCV  
  14  0:23  Supply Depot  
  14  0:33  SCV  
  15  0:45  SCV  
  16  0:57  SCV  
  17  1:05  Command Center  
  17  1:14  Barracks  
  17  1:18  SCV  
  17  1:23  Refinery  
  18  1:30  SCV  
  19  1:34  Refinery  
  19  1:42  SCV  
  20  1:55  SCV  
  20  2:00  Refinery  
  21  2:06  Marine  
  21  2:07  SCV  
  23  2:17  Refinery  
  23  2:20  Orbital Command  
  23  2:23  Refinery  
  23  2:33  Orbital Command  
  23  2:44  Factory  
  23  2:48  SCV  
  24  2:51  Marine  
  25  2:59  SCV  
  25  3:00  SCV  
  27  3:09  Marine  
  27  3:11  SCV  
  27  3:12  SCV  
  30  3:16  Factory  
  30  3:23  SCV  
  30  3:24  SCV  
  32  3:28  Barracks Tech Lab  
  32  3:35  SCV  
  32  3:36  SCV  
  32  3:37  Command Center  
  34  3:42  Supply Depot  
  34  3:49  SCV  
  34  3:50  SCV  
  34  3:54  Barracks Tech Lab  
  36  3:59  Mag-Field Accelerator  
  36  4:02  Refinery  
  36  4:03  Refinery  
  36  4:04  Cyclone  
  36  4:05  SCV  
  36  4:06  SCV, Supply Depot  
  41  4:17  Starport  
  41  4:20  SCV x2  
  41  4:22  Cyclone  
  46  4:29  Supply Depot  
  46  4:32  SCV x2  
  46  4:36  Engineering Bay  
  48  4:39  Cyclone  
  48  4:44  SCV x2  
  53  4:56  SCV  
  53  4:57  SCV  
  53  4:58  Armory  
  53  4:59  Armory  
  55  5:02  Orbital Command  
  55  5:06  Liberator  
  55  5:08  SCV  
  55  5:11  Cyclone  
  59  5:15  Cyclone  
  62  5:25  SCV x2  
  67  5:37  Supply Depot  
  67  5:40  SCV x2, Supply Depot  
  67  5:41  SCV  
  70  5:43  Cyclone  
  70  5:47  Cyclone  
  76  5:58  SCV, Orbital Command  
  76  5:59  SCV  
  78  6:09  Supply Depot  
  78  6:10  Supply Depot  
  78  6:16  Cyclone  
  81  6:19  Viking, Cyclone  
  86  6:28  SCV x3  
  86  6:32  Refinery  
  89  6:33  Supply Depot  
  89  6:41  Refinery  
  89  6:48  Cyclone  
  89  6:51  Cyclone  
  95  6:56  Supply Depot  
  96  7:20  Supply Depot  
Show
View Real Time Build Order
Export as new Build Order

Takker Protoss 

Build Orders: 1 Gate Expand 

Get SALT Encoding   

  12  0:00  Probe  
  13  0:08  Probe  
  14  0:16  Probe  
  15  0:29  Pylon  
  15  0:47  Probe  
  16  0:54  Gateway  
  16  0:57  Pylon  
  16  1:20  Nexus  
  16  1:23  Probe  
  16  1:31  Assimilator  
  17  1:47  Zealot  
  19  1:58  Probe  
  20  2:14  Zealot  
  22  2:37  Probe  
  22  2:41  Zealot  
  25  2:45  Probe x2  
  25  2:47  Gateway  
  25  2:48  Gateway  
  27  2:55  Probe  
  28  3:08  Zealot  
  28  3:11  Probe  
  30  3:14  Probe  
  30  3:19  Probe  
  32  3:23  Probe  
  34  3:28  Probe  
  34  3:31  Probe  
  35  3:35  Zealot  
  35  3:38  Assimilator  
  38  3:42  Probe x2  
  38  3:45  Assimilator  
  40  3:50  Assimilator  
  40  3:54  Probe  
  43  4:02  Zealot  
  43  4:06  Probe  
  44  4:17  Zealot, Cybernetics Core  
  46  4:27  Pylon  
  46  4:34  Pylon  
  46  4:39  Pylon  
  46  4:44  Probe x2  
  46  4:45  Zealot x3  
  54  4:52  Probe x2  
  56  5:00  Probe  
  57  5:07  Warp Gate  
  57  5:12  Zealot x3  
  63  5:21  Robotics Facility  
  63  5:24  Probe  
  63  5:26  Probe  
  64  5:32  Probe  
  64  5:34  Probe  
  65  5:39  Zealot  
  65  5:42  Probe  
  70  5:51  Nexus, Probe  
  70  5:54  Pylon  
  69  6:03  Probe  
  70  6:09  Pylon  
  70  6:12  Stalker, Pylon, Adept  
  70  6:14  Observer  
  70  6:15  Pylon  
  75  6:18  Pylon, Robotics Facility  
  75  6:24  Stalker  
  77  6:36  Observer  
  78  6:41  Stalker  
  78  6:42  Stalker  
  78  6:54  Stalker  
  78  6:57  Observer  
  78  7:01  Assimilator  
  69  7:03  Assimilator  
  69  7:05  Pylon  
  57  7:10  Pylon  
Tags
 
Add a new tag
Caveats
  • Supply blocks, unpowered buildings, or Contaminate may cause inaccurate times.
  • Supply counts are checked every 10 seconds.